 Dungeon Crawl Stone Soup version 0.26.0-18-gc5c842f807 (webtiles) character file.

Game seed: 12960209296249678236

552188 gimp the Bringer of Law (level 26, -2/256 HPs)
             Began as a Hill Orc Monk on Jan 23, 2021.
             Was the Champion of Zin.
             Slain by a quicksilver dragon (14 damage)
             ... on level 2 of the Realm of Zot.
             The game lasted 02:52:20 (90942 turns).

gimp the Bringer of Law (Hill Orc Monk)            Turns: 90942, Time: 02:52:21

Health: -2/256     AC: 20    Str: 40    XL:     26   Next: 35%
Magic:  0/39       EV: 14    Int: 22    God:    Zin [******]
Gold:   1416       SH: 31    Dex: 21    Spells: 25/25 levels left

rFire    + + .     SeeInvis +   a - +3 broad axe (flame)
rCold    + . .     Faith    .   Y - +2 tower shield {rN+}
rNeg     + + .     Spirit   +   X - +4 scale mail "Buter" {Rampage rF+ rC+ Int+4}
rPois    ∞         Reflect  .   I - +0 helmet "Lapan" {rPois}
rElec    +         Harm     .   m - scarf {shadows}
rCorr    .         Rampage  +   s - +0 pair of gloves "Vaurol" {Rampage +Blink rF+}
Will     ++...                  f - +0 pair of boots
Stlth    +.........             A - amulet of Oqig {Spirit rElec rN+ Will+}
HPRegen  0.52/turn              j - ring of see invisible
MPRegen  0.26/turn              E - +6 ring of strength

@: vitalised, constricted
A: no striking features
}: 3/15 runes: decaying, serpentine, iron
a: Renounce Religion, Evoke Blink, Recite, Vitalisation, Imprison, Sanctuary,
Donate Gold


You were on level 2 of the Realm of Zot.
You worshipped Zin.
Zin was exalted by your worship.
You visited 11 branches of the dungeon, and saw 50 of its levels.
You also visited: Ice Cave.

You collected 6002 gold pieces.
You spent 4154 gold pieces at shops.
You donated 432 gold pieces to Zin.

Inventory:

Hand Weapons
 a - a +3 broad axe of flaming (weapon)
 b - a +9 broad axe
Missiles
 c - 9 silver javelins
 n - 4 curare-tipped darts (quivered)
 y - 3 throwing nets
 D - 71 poisoned darts
Armour
 f - a +0 pair of boots (worn)
 m - a scarf of shadows (worn)
 s - the +0 pair of gloves "Vaurol" (worn) {Rampage +Blink rF+}
   (You found it on level 3 of the Depths)

   It protects you from fire.
   It lets you blink.
   It bestows one free step when moving towards enemies.
 I - the +0 helmet "Lapan" (worn) {rPois}
   (You acquired it on level 4 of the Lair of Beasts)

   It protects you from poison.
 X - the +4 scale mail "Buter" (worn) {Rampage rF+ rC+ Int+4}
   (You acquired it on level 2 of the Elven Halls)

   It affects your intelligence (+4).
   It protects you from fire.
   It protects you from cold.
   It bestows one free step when moving towards enemies.
 Y - a +2 tower shield of positive energy (worn)
Jewellery
 j - a ring of see invisible (left hand)
 k - an uncursed ring of protection from cold
 p - an uncursed ring of willpower
 x - an uncursed ring of resist corrosion
 A - the amulet of Oqig (around neck) {Spirit rElec rN+ Will+}
   (You took it off a wight on level 6 of the Dungeon)

   [amulet of guardian spirit]

   It causes incoming damage to be split between your health and magic.
   It insulates you from electricity.
   It protects you from negative energy.
   It affects your willpower, your defense against some magical effects.
 E - a +6 ring of strength (right hand)
 H - an uncursed ring of flight
 T - a +6 ring of intelligence
Wands
 r - a wand of paralysis (1)
 w - a wand of acid (26)
 F - a wand of flame (63)
 K - a wand of enslavement (43)
 L - a wand of digging (14)
 V - a wand of iceblast (24)
Scrolls
 i - 16 scrolls of remove curse
 l - 14 scrolls of identify
 u - 2 scrolls of holy word
 v - 10 scrolls of enchant armour
 B - 4 scrolls of fog
 C - 15 scrolls of teleportation
 G - 11 scrolls of magic mapping
 J - 2 scrolls of fear
 Q - 3 scrolls of silence
Potions
 d - 12 potions of haste
 e - 3 potions of berserk rage
 g - 9 potions of might
 h - 10 potions of flight
 o - 6 potions of resistance
 t - 11 potions of curing
 M - 4 potions of heal wounds
 N - 4 potions of cancellation
 O - 3 potions of ambrosia
 W - 3 potions of magic
Miscellaneous
 q - a phantom mirror
 z - a phial of floods
 P - a tin of tremorstones (2/2)
 R - a lightning rod (4/4)


   Skills:
 + Level 24.7 Fighting
 - Level 20.0 Axes
 - Level 19.0 Armour
 - Level 7.0 Dodging
 - Level 1.5 Stealth
 - Level 25.0 Shields
 - Level 25.0 Invocations


You had 25 spell levels left.
You didn't know any spells.
Your spell library contained the following spells:

 Spells                   Type           Power        Failure   Level
 Animate Skeleton         Necr           0%           24%         1
 Beastly Appendage        Tmut           0%           24%         1
 Corona                   Hex            0%           24%         1
 Foxfire                  Conj/Fire      0%           24%         1
 Pain                     Necr           0%           24%         1
 Sandblast                Erth           0%           24%         1
 Sting                    Tmut/Pois      0%           24%         1
 Summon Small Mammal      Summ           0%           24%         1
 Call Imp                 Summ           0%           34%         2
 Ensorcelled Hibernation  Hex/Ice        0%           34%         2
 Passwall                 Tmut/Erth      0%           34%         2
 Poisonous Vapours        Pois/Air       0%           34%         2
 Swiftness                Air            0%           34%         2
 Wereblood                Tmut           0%           34%         2
 Call Canine Familiar     Summ           0%           56%         3
 Confusing Touch          Hex            0%           56%         3
 Dazzling Flash           Conj/Hex       0%           56%         3
 Gell's Gravitas          Tloc           0%           56%         3
 Ignite Poison            Fire/Tmut/Pois 0%           56%         3
 Mephitic Cloud           Conj/Pois/Air  0%           56%         3
 Spider Form              Tmut/Pois      0%           56%         3
 Stone Arrow              Conj/Erth      0%           56%         3
 Summon Guardian Golem    Hex/Summ       0%           56%         3
 Tukima's Dance           Hex            0%           56%         3
 Vampiric Draining        Necr           0%           56%         3
 Animate Dead             Necr           0%           93%         4
 Cause Fear               Hex            0%           93%         4
 Ice Form                 Ice/Tmut       0%           93%         4
 Olgreb's Toxic Radiance  Pois           0%           93%         4
 Passage of Golubria      Tloc           N/A          93%         4
 Petrify                  Tmut/Erth      0%           93%         4
 Summon Ice Beast         Ice/Summ       0%           93%         4
 Summon Lightning Spire   Summ/Air       0%           93%         4
 Agony                    Necr           0%           100%        5
 Blade Hands              Tmut           0%           100%        5
 Borgnjor's Vile Clutch   Necr/Erth      0%           100%        5
 Lee's Rapid Deconstruct  Erth           0%           100%        5
 Metabolic Englaciation   Hex/Ice        0%           100%        5
 Yara's Violent Unravell  Hex/Tmut       0%           100%        5
 Death Channel            Necr           0%           100%        6
 Freezing Cloud           Conj/Ice/Air   0%           100%        6
 Invisibility             Hex            0%           100%        6
 Ozocubu's Refrigeration  Ice            0%           100%        6
 Simulacrum               Ice/Necr       0%           100%        6
 Dragon Form              Tmut           0%           100%        7
 Chain Lightning          Conj/Air       0%           100%        8
 Lehudib's Crystal Spear  Conj/Erth      0%           100%        8
 Absolute Zero            Ice            0%           100%        9
 Dragon's Call            Summ           0%           100%        9
 Fire Storm               Conj/Fire      0%           100%        9


Dungeon Overview and Level Annotations

Branches:
Dungeon (15/15)            Temple (1/1) D:6            Lair (6/6) D:9
  Swamp (4/4) Lair:4        Snake (4/4) Lair:2        Slime (0/5) Lair:6
    Orc (2/2) D:12            Elf (3/3) Orc:2        Vaults (0/5) D:13
 Depths (5/5) D:15           Hell (visited)             Dis (7/7) Hell
    Geh (0/7) Hell            Coc (0/7) Hell            Tar (0/7) Hell
    Zot (2/5) Depths:5      IceCv (visited)

Altars:
Ashenzari
Cheibriados
Dithmenos
Elyvilon
Fedhas
Gozag
Hepliaklqana
Kikubaaqudgha
Makhleb
Nemelex Xobeh
Okawaru
Qazlal
Ru
Sif Muna
Trog
Uskayaw
Vehumet
Wu Jian
Xom
Yredelemnul
Zin
The Shining One
Beogh

Shops:
D:7 =   D:14 :   Orc:2 :([(   Elf:1 *   Elf:2 [   Elf:3 :   Snake:2 [
Snake:3 =}=   Snake:4 *!   Depths:1 [!   Depths:5 [!(

Portals:
Hell: Depths:1 Depths:2 Depths:3 Depths:4 Depths:5
Abyss: Depths:4
Pandemonium: Depths:2 Depths:3 Depths:4
Ziggurat: Depths:4

Annotations:
D:15 Roxanne
Lair:1 exclusion: oklob plant
Elf:2 5 runed translucent doors, Asterion
Depths:2 2 transporters, Oni Xoav's ghost, adept HOFi
Depths:3 2 runed translucent doors
Depths:4 30 runed doors
Dis:4 exclusion: 3 doors
Dis:7 Dispater


Message History

You take 7 damage, and have 16/256 hp.
You now have 1/39 mp.
Okay, then.
Okay, then.
Unknown command.
Unknown command.
Unknown command.
Okay, then.
Unknown command.
You feel much better. The quicksilver dragon bites you!!
* * * LOW HITPOINT WARNING * * *
You block the quicksilver dragon's attack.
You block the tentacled monstrosity's attack.
The tentacled monstrosity misses you.
You block the tentacled monstrosity's attack.
* * * LOW HITPOINT WARNING * * *
The tentacled monstrosity constricts you!
The quicksilver dragon bites you!! Zin protects you from harm!
The quicksilver dragon claws you!
You die...

********* *,,,,,,,******
,,,,,,,,,*#,,* #######
,,,,,,,,,,#.,* ##.....#
,,,,,,,,,,...######......#
,,,,,,,,,,#..............#
,,,,,,,,,*#?.yyD[[.....###
*,,,,,,,**#...qD@d.....#
********* ##...Xd###...#
*,,,,* #...#####...####
,,,*** #...##D>#......##
*,,* ###*#####.......#
,,,**** ###..........##
,,,,,,* #.............#
,,,,,,**** #.....<...#...#
,,,,,,,,,* #........##...#


You could see a shadow dragon, a tentacled monstrosity, a green draconian
(berserk, confused), a red draconian (confused), a white draconian shifter, 2
quicksilver dragons and 2 moths of wrath.

Vanquished Creatures
  Mara (Swamp:3)
  Mennas (Depths:3)
  A juggernaut (Depths:5)
  Bai Suzhen (Swamp:3)
  Frederick (Depths:3)
  A curse toe (Zot:1)
  Geryon (Hell)
  3 golden dragons
  the Enchantress (Depths:1)
  Nikola (Snake:4)
  A Brimstone Fiend (Dis:2)
  3 bone dragons
  4 iron giants
  4 Tzitzimimeh
  2 Ice Fiends
  5 Hell Sentinels (Dis:7)
  4 tentacled monstrosities
  A titan (Depths:4)
  6 quicksilver dragons
  The ghost of iamoutofideas the Gelid, an adept DsIE of Vehumet (Swamp:3)
  A deep elf blademaster (Elf:3)
  2 death cobs (Zot:1)
  The ghost of Lutziemm the Protected, an adept GnFi of Okawaru (Snake:1)
  The ghost of Lutziemm the Protected, an adept GnFi of Okawaru (Snake:1)
  2 Executioners
  2 sphinxes
  8 ancient champions
  Agnes (Snake:4)
  A revenant (Hell)
  Donald (Orc:1)
  4 tengu reavers
  5 frost giants
  A fenstrider witch (Swamp:3)
  2 draconian monks
  4 storm dragons
  5 fire giants
  9 nagarajas
  The ghost of SturgillTurtle the Peltast, a journeyman HOFi of Beogh (Swamp:1)
  7 iron dragons
  A draconian knight (Zot:1)
  A cacodemon (Depths:5)
  6 deep elf sorcerers
  Aizul (Snake:4)
  A ghost moth (Zot:1)
  2 draconian scorchers (Zot:1)
  A draconian stormcaller (Zot:1)
  A draconian shifter (Zot:1)
  3 draconian annihilators (Zot:1)
  4 deep elf elementalists
  An orc warlord (Orc:1)
  7 war gargoyles
  29 reapers
  4 spriggan defenders
  16 stone giants
  21 very ugly things
  8 deep elf demonologists
  2 black draconians (Zot:1)
  3 vampire knights
  Nessos (D:13)
  7 green draconians
  2 deep elf annihilators (Elf:3)
  2 red draconians
  3 lorocyprocas
  5 purple draconians
  Azrael (D:11)
  3 bunyips
  A dire elephant (Lair:3)
  6 white draconians
  2 yellow draconians
  13 ettins
  3 eleionomae
  2 quicksilver dragon zombies
  6 deep elf death magi
  7 fire dragons
  7 great orbs of eyes
  4 blizzard demons
  A green death (Dis:4)
  7 yaktaur captains
  A shambling mangrove (Swamp:4)
  2 deep elf high priests
  A monstrous demonspawn (Depths:3)
  23 hydras
  5 ogre magi
  4 rakshasas
  A hell beast (Dis:2)
  17 naga warriors
  2 spriggan air magi
  A ghost crab (Swamp:3)
  5 ice dragons
  2 boulder beetles
  A large abomination (Elf:1)
  10 alligators
  11 anacondas
  14 dancing weapons
  5 deep troll earth magi
  5 centaur warriors
  2 deep troll shamans
  6 tengu warriors
  18 two-headed ogres
  8 hell hogs
  6 death yaks
  5 titan zombies
  2 orc high priests (Orc:2)
  9 shock serpents
  8 iron golems
  A vampire mage (Depths:2)
  4 spriggan berserkers
  7 naga sharpshooters
  25 hell knights
  A small abomination (Elf:3)
  6 soul eaters
  7 sun demons
  17 deep elf knights
  The ghost of Piyraj the Slicer, a journeyman VSCj of Gozag (Lair:2)
  A storm dragon zombie (Dis:2)
  A sixfirhy (Depths:5)
  39 skeletal warriors
  2 goliath frogs
  A ghost moth zombie (Dis:2)
  A golden dragon zombie (Dis:5)
  A fire crab (shapeshifter) (D:15)
  2 titan skeletons (Depths:4)
  3 anaconda zombies
  8 iron trolls
  4 spriggan druids
  A storm dragon skeleton (Depths:4)
  12 deep trolls
  4 flayed ghosts
  A gelid demonspawn (Depths:3)
  A swamp dragon (shapeshifter) (Elf:1)
  13 deep elf archers
  2 wizards
  6 naga ritualists
  4 unseen horrors
  10 sea snakes (Snake:4)
  14 swamp dragons
  4 phantasmal warriors
  3 glowing orange brains
  4 anaconda skeletons
  A sphinx zombie (Depths:4)
  5 bog bodies
  A tengu zombie (Depths:4)
  Pikel (D:3)
  A shadow dragon zombie (Dis:4)
  A lindwurm (Lair:3)
  6 orc knights
  49 deep elf magi
  3 manticores
  8 necromancers
  3 wolf spider zombies
  13 mana vipers
  2 iron dragon zombies
  A lindwurm (shapeshifter) (Depths:4)
  2 oklob plants (Lair:5)
  7 orc sorcerers
  A shadow dragon skeleton (Dis:4)
  19 ugly things
  2 stone giant zombies
  9 moths of wrath (Zot:1)
  3 cyclopes
  A frost giant zombie (Dis:3)
  12 salamanders
  A fire giant zombie (Depths:2)
  A fire giant skeleton (Dis:3)
  3 will-o-the-wisps
  A faun (shapeshifter) (D:15)
  A frost giant skeleton (Depths:2)
  44 rust devils
  38 black mambas
  A sphinx skeleton (Depths:2)
  3 ice statues
  A guardian serpent (shapeshifter) (D:15)
  A molten gargoyle (Hell)
  A titan simulacrum (Depths:2)
  2 stone giant skeletons
  19 naga magi
  A shock serpent zombie (Dis:3)
  Maurice (D:11)
  19 elephants
  A torpor snail (Lair:4)
  A smoke demon (Hell)
  A dire elephant zombie (Dis:4)
  10 guardian serpents
  A storm dragon simulacrum (Depths:4)
  A minotaur zombie (Dis:6)
  4 orange demons
  Psyche (D:12)
  A gargoyle (D:14)
  4 kobold demonologists (Depths:3)
  11 cane toads
  A catoblepas zombie (Dis:2)
  6 rime drakes
  15 hellions
  18 yaktaurs
  7 komodo dragons
  18 tormentors
  4 freezing wraiths
  14 ice devils
  An anaconda simulacrum (Hell)
  A hellwing (Depths:3)
  A komodo dragon (shapeshifter) (D:12)
  An elf skeleton (Depths:4)
  2 tengu conjurers
  9 red devils
  18 polar bears
  A wind drake (shapeshifter) (Depths:1)
  4 trolls
  16 hornets
  2 queen bees (shapeshifter)
  26 slime creatures
  A meliai (shapeshifter) (D:15)
  5 tyrant leeches
  A polar bear (shapeshifter) (D:15)
  4 dream sheep (Lair:6)
  3 hydra zombies
  2 fire dragon zombies
  9 blink frogs (Lair:6)
  A hydra skeleton (Hell)
  2 fire giant simulacra (Depths:2)
  An ettin zombie (Dis:3)
  A spriggan zombie (Depths:2)
  A meliai zombie (D:15)
  An alligator skeleton (Hell)
  2 ettin skeletons
  4 ice dragon zombies
  14 flying skulls
  2 air elementals
  13 shadows
  4 wyverns
  16 spriggans
  2 humans (Depths:3)
  5 water elementals
  A black mamba skeleton (Dis:3)
  11 wraiths
  81 yaks
  A black mamba zombie (Dis:4)
  11 fire elementals
  2 ynoxinuls (Depths:3)
  A yak (shapeshifter) (D:14)
  Grum (D:7)
  A steam dragon (Lair:3)
  4 vampire mosquitoes
  5 basilisks
  68 nagas
  4 wargs
  A swamp worm (shapeshifter) (D:14)
  A soldier ant (D:11)
  11 swamp worms
  A hydra simulacrum (Hell)
  2 cane toad zombies (Hell)
  A floating eye (Depths:4)
  11 water moccasins
  11 swamp drakes
  44 hell hounds
  15 ice beasts
  5 sky beasts
  5 phantoms
  4 black bears
  3 boggarts (D:14)
  3 snapping turtle zombies
  A hornet zombie (D:8)
  38 orc warriors
  4 swamp dragon zombies
  29 wolves
  12 ogres
  2 necrophages
  13 centaurs
  2 manticore zombies
  A swamp dragon skeleton (Dis:1)
  A manticore skeleton (Dis:2)
  2 big kobolds (D:11)
  An elf zombie (Dis:4)
  2 gnoll sergeants (D:7)
  22 bullfrogs
  3 earth elementals
  2 water moccasin skeletons
  2 scorpions
  20 killer bees
  34 wights
  4 howler monkeys
  4 electric eels
  A bullfrog zombie (D:5)
  5 centaur zombies
  2 quasits
  17 hounds
  6 jellies
  4 bullfrog skeletons
  26 orc priests
  34 orc wizards
  3 centaur skeletons
  3 iguanas
  49 iron imps
  15 worker ants
  A killer bee zombie (D:5)
  An ogre zombie (Dis:4)
  2 ogre skeletons (Dis:3)
  3 hound skeletons
  9 mummies
  12 gnolls
  11 adders
  2 shadow imps
  5 white imps
  2 ufetubi
  2 oozes
  An adder skeleton (D:4)
  4 worms
  A dart slug (D:3)
  6 leopard geckos
  121 orcs
  4 giant cockroaches
  6 goblins
  8 hobgoblins
  15 jackals
  4 quokkas
  A ball python (D:1)
  6 bats
  4 frilled lizards
  A jackal zombie (D:5)
  15 kobolds
  2 kobold zombies
  3 leopard gecko skeletons
  A quokka zombie (D:6)
  5 rats
  A crawling corpse (Elf:1)
  7 pillars of salt
2204 creatures vanquished.

Vanquished Creatures (collateral kills)
  A storm dragon (Depths:5)
  A spriggan (Swamp:3)
2 creatures vanquished.

Vanquished Creatures (others)
  A ghost moth (Zot:2)
  A draconian scorcher (Depths:5)
  2 skeletal warriors (Dis:5)
  A spriggan druid (Swamp:1)
  A goliath frog (Swamp:1)
  2 bloated husks (Swamp:1)
  A hell hound (D:11)
  An electric eel (D:13)
  An orc priest (Orc:2)
  16 foxfires
  161 fungi
  15 pillars of salt
  123 plants
326 creatures vanquished.

Grand Total: 2532 creatures vanquished

Notes
Turn   | Place    | Note
-------+----------+-------------------------------------------
     0 | D:1      | gimp the Hill Orc Monk began the quest for the Orb.
     0 | D:1      | Reached XP level 1. HP: 19/19 MP: 1/1
   156 | D:1      | You fall into a shaft and drop 1 floor!
   231 | D:2      | Noticed an orc priest
   520 | D:1      | Reached XP level 2. HP: 27/27 MP: 2/2
  1298 | D:1      | Reached skill level 5 in Axes
  1338 | D:1      | Reached XP level 3. HP: 29/33 MP: 3/3
  1999 | D:2      | Reached XP level 4. HP: 18/41 MP: 4/4
  2570 | D:2      | Found a sacrificial altar of Ru.
  2925 | D:3      | Reached skill level 1 in Armour
  2925 | D:3      | Reached skill level 1 in Shields
  2925 | D:3      | Reached XP level 5. HP: 17/47 MP: 5/5
  3629 | D:3      | Noticed a centaur
  3643 | D:3      | Killed a centaur
  3644 | D:3      | Reached XP level 6. HP: 13/55 MP: 6/6
  3923 | D:4      | Noticed Pikel
  3962 | D:3      | Killed Pikel
  3963 | D:3      | Reached skill level 5 in Fighting
  3963 | D:3      | Reached XP level 7. HP: 13/61 MP: 7/7
  4623 | D:4      | Reached XP level 8. HP: 68/68 MP: 8/8
  4759 | D:5      | Entered Level 5 of the Dungeon
  4888 | D:5      | Reached skill level 5 in Shields
  5134 | D:5      | Reached skill level 5 in Armour
  6304 | D:6      | Found a staircase to the Ecumenical Temple.
  6310 | Temple   | Entered the Ecumenical Temple
  6497 | Temple   | Became a worshipper of Zin the Law-Giver
  6497 | Temple   | Reached * piety under Zin
  6497 | Temple   | Reached ** piety under Zin
  6619 | D:6      | Identified the amulet of Oqig {Spirit rElec rN+ Will+}
  6658 | D:6      | Reached skill level 1 in Invocations
  6658 | D:6      | Reached XP level 9. HP: 57/73 MP: 9/9
  6659 | D:6      | Reached *** piety under Zin
  7566 | D:7      | Reached **** piety under Zin
  7579 | D:7      | Reached skill level 10 in Axes
  7762 | D:7      | Noticed Grum
  7773 | D:7      | Killed Grum
  8445 | D:7      | Found Janorenu's Jewellery Shop.
  8872 | D:8      | HP: 3/74 [killer bee (7)]
  8882 | D:8      | Reached XP level 10. HP: 15/81 MP: 0/12
  9244 | D:8      | Reached ***** piety under Zin
  9500 | D:8      | Found a hazy altar of Hepliaklqana.
  9963 | D:9      | Noticed a two-headed ogre
  9993 | D:9      | Killed a two-headed ogre
 10270 | D:9      | Reached skill level 5 in Invocations
 10962 | D:9      | Found a staircase to the Lair.
 10996 | D:9      | Reached XP level 11. HP: 82/86 MP: 15/15
 11727 | D:10     | Entered Level 10 of the Dungeon
 11764 | D:10     | Reached skill level 10 in Shields
 11916 | D:10     | Noticed a two-headed ogre
 12348 | D:9      | Killed a two-headed ogre
 12349 | D:9      | Reached skill level 10 in Armour
 12485 | D:10     | Noticed a seven-headed hydra
 13287 | D:11     | Noticed a manticore
 13296 | D:11     | Killed a manticore
 13625 | D:11     | Killed an unseen horror
 14038 | D:10     | Killed a three-headed hydra
 14278 | D:10     | Reached XP level 12. HP: 94/94 MP: 17/17
 16303 | D:12     | Noticed Maurice
 16322 | D:11     | Killed Maurice
 16379 | Lair:1   | Entered Level 1 of the Lair of Beasts
 16988 | Lair:1   | Noticed a five-headed hydra
 17011 | Lair:1   | Killed a one-headed hydra
 17902 | Lair:2   | Reached ****** piety under Zin
 18352 | Lair:2   | Found a blossoming altar of Fedhas.
 18783 | Lair:2   | You fall into a shaft and drop 2 floors!
 18967 | Lair:4   | Reached skill level 15 in Axes
 19222 | Lair:3   | Noticed a five-headed hydra
 19229 | Lair:3   | Killed a one-headed hydra
 19230 | Lair:3   | Reached XP level 13. HP: 83/100 MP: 16/19
 20327 | Lair:3   | Reached skill level 10 in Invocations
 21029 | Lair:2   | Found a staircase to the Snake Pit.
 21321 | Lair:2   | Found a runed translucent gate.
 21321 | Lair:2   | Found a runed translucent gate.
 21321 | Lair:2   | Found a runed translucent gate.
 21324 | Lair:2   | Noticed Piyraj's ghost (journeyman VSCj)
 21630 | Lair:3   | Noticed a dire elephant
 21644 | Lair:3   | Killed a dire elephant
 22263 | Lair:4   | Found a staircase to the Swamp.
 23305 | Lair:4   | Identified a scroll of acquirement
 23306 | Lair:4   | Acquired the +0 helmet "Lapan" {rPois}
 23538 | Lair:3   | Reached XP level 14. HP: 84/107 MP: 16/21
 25353 | Lair:5   | Got a topaz-encrusted scale mail
 25364 | Lair:5   | Identified the +1 scale mail of Suskam {rPois rCorr Dex+3}
                  | (You found it on level 5 of the Lair of Beasts)
 26164 | Lair:6   | Entered Level 6 of the Lair of Beasts
 27172 | Lair:6   | Found a staircase to the Slime Pits.
 27676 | D:12     | Noticed Azrael
 27827 | D:12     | Noticed Psyche
 27839 | D:11     | Killed Azrael
 28235 | D:12     | Found a staircase to the Orcish Mines.
 28331 | D:12     | Killed Psyche
 28668 | D:12     | You fall into a shaft and drop 1 floor!
 29255 | D:13     | Found a gate to the Vaults.
 29264 | D:13     | Reached XP level 15. HP: 106/113 MP: 20/23
 30267 | D:13     | Reached skill level 15 in Shields
 30454 | D:13     | Noticed Nessos
 30469 | D:13     | Killed Nessos
 30470 | D:13     | Reached skill level 15 in Armour
 30843 | D:14     | Found a frozen archway.
 30880 | IceCv    | Entered an ice cave
 31792 | IceCv    | Noticed a frost giant
 31814 | IceCv    | Killed a frost giant
 32118 | D:14     | Found Poskosm's Book Shop.
 32501 | Orc:1    | Entered Level 1 of the Orcish Mines
 33359 | Orc:2    | Entered Level 2 of the Orcish Mines
 33367 | Orc:2    | Noticed Donald
 33497 | Orc:1    | Killed Donald
 33961 | Orc:2    | Found a staircase to the Elven Halls.
 34367 | Orc:2    | Found a roughly hewn altar of Beogh.
 34379 | Orc:2    | Found Ucligh's Weapon Shoppe.
 34480 | Orc:2    | Noticed an orc warlord
 34552 | Orc:1    | Killed an orc warlord
 34553 | Orc:1    | Reached XP level 16. HP: 80/126 MP: 16/25
 34947 | Orc:2    | Found a roughly hewn altar of Beogh.
 34974 | Orc:2    | Found a roughly hewn altar of Beogh.
 35244 | Orc:2    | Found a roughly hewn altar of Beogh.
 35247 | Orc:2    | Found Evve's Book Boutique.
 35410 | Orc:2    | Found Bymaer's Antique Weapon Emporium.
 35411 | Orc:2    | Found Sonk's Antique Armour Shoppe.
 35411 | Orc:2    | Found a roughly hewn altar of Beogh.
 35418 | Orc:2    | Bought a glimmering scale mail for 225 gold pieces
 35419 | Orc:2    | Identified the +1 scale mail of Devotion {rN+ Str-3 Int+3}
                  | (You bought it in a shop on level 2 of the Orcish Mines)
 35622 | D:14     | Found a hide-covered altar of Uskayaw.
 36126 | D:14     | Reached skill level 5 in Dodging
 36528 | D:15     | Entered Level 15 of the Dungeon
 36815 | D:15     | Found a staircase to the Depths.
 36971 | D:15     | Identified Roxanne's Collected Works on Stones
 36971 | D:15     | Noticed Roxanne
 37624 | Depths:1 | Entered Level 1 of the Depths
 37963 | Depths:1 | Found Nali's Antique Armour Boutique.
 37970 | Depths:1 | Bought a glimmering plate armour for 1092 gold pieces
 37980 | Depths:1 | Identified the +4 plate armour "Testrague" {Will+ Str+4}
                  | (You bought it in a shop on level 1 of the Depths)
 38013 | Depths:1 | Found Tyl Oze's Distillery.
 38020 | Depths:1 | Bought a potion of heal wounds for 50 gold pieces
 38020 | Depths:1 | Bought a potion of might for 40 gold pieces
 38020 | Depths:1 | Bought a potion of might for 40 gold pieces
 38020 | Depths:1 | Bought 2 potions of resistance for 200 gold pieces
 38020 | Depths:1 | Bought a potion of haste for 100 gold pieces
 38020 | Depths:1 | Bought a potion of cancellation for 80 gold pieces
 38020 | Depths:1 | Bought a potion of cancellation for 80 gold pieces
 38323 | Depths:1 | Noticed a tengu reaver
 38343 | Depths:1 | Killed a tengu reaver
 38386 | Depths:1 | Noticed a sphinx
 38401 | Depths:1 | Killed a sphinx
 38611 | Depths:1 | Found a gateway to Hell.
 39515 | Depths:1 | Noticed a tengu reaver
 39527 | Depths:1 | Killed a tengu reaver
 39747 | Depths:2 | Found a transporter.
 39750 | Depths:2 | Noticed Oni Xoav's ghost (adept HOFi)
 39751 | Depths:2 | Found a transporter.
 39794 | Depths:2 | Reached skill level 10 in Fighting
 39796 | Depths:2 | Reached XP level 17. HP: 123/140 MP: 24/28
 39953 | Depths:2 | Noticed the Enchantress
 40778 | Depths:1 | Reached skill level 15 in Invocations
 41725 | Depths:1 | Killed the Enchantress
 43522 | Depths:2 | Noticed a sphinx
 44218 | Depths:2 | Killed a sphinx
 44792 | Depths:2 | Noticed a tentacled monstrosity
 44819 | Depths:2 | Killed a tentacled monstrosity
 45605 | Depths:2 | Reached XP level 18. HP: 119/158 MP: 23/30
 46292 | Depths:2 | Found a one-way gate leading to the halls of Pandemonium.
 47891 | Lair:2   | Killed Piyraj's ghost
 48894 | Depths:3 | Reached skill level 15 in Fighting
 49009 | Depths:3 | Got a scorched copper ring
 49010 | Depths:3 | Identified the cursed ring "Meodimm" {rElec AC-4} (You
                  | found it on level 3 of the Depths)
 49364 | Depths:3 | Found a burning altar of Makhleb.
 49375 | Depths:3 | Identified the +0 pair of gloves "Vaurol" {Rampage +Blink
                  | rF+} (You found it on level 3 of the Depths)
 49390 | Depths:3 | Identified the +0 pair of gloves "Waerim Hedoth" {Rampage
                  | Str+5} (You found it on level 3 of the Depths)
 49434 | Depths:3 | Found a runed translucent door.
 49436 | Depths:3 | Found a runed translucent door.
 49982 | Depths:3 | Reached XP level 19. HP: 81/170 MP: 16/31
 51988 | D:7      | Bought an uncursed ring of see invisible for 165 gold
                  | pieces
 52369 | Elf:1    | Entered Level 1 of the Elven Halls
 52728 | Elf:1    | Found Dor Byfuadgh's Assorted Antiques.
 54020 | Elf:1    | Noticed a Tzitzimitl
 54601 | Elf:1    | Found a runed translucent gate.
 54601 | Elf:1    | Found a runed translucent gate.
 54601 | Elf:1    | Found a runed translucent gate.
 54601 | Elf:1    | Found a runed translucent gate.
 54602 | Elf:1    | Found a runed translucent gate.
 54602 | Elf:1    | Found a runed translucent gate.
 55376 | Elf:2    | Found a radiant altar of Vehumet.
 55650 | Elf:2    | Found a huge runed translucent gate.
 55651 | Elf:2    | Found a huge runed translucent gate.
 55651 | Elf:2    | Noticed Asterion
 55654 | Elf:2    | Found a huge runed translucent gate.
 55655 | Elf:2    | Found a huge runed translucent gate.
 55655 | Elf:2    | Found a huge runed translucent gate.
 55760 | Elf:2    | Found Buzus Kaos's Armour Boutique.
 56049 | Elf:3    | Entered Level 3 of the Elven Halls
 56065 | Elf:3    | Reached XP level 20. HP: 176/178 MP: 33/33
 56640 | Elf:3    | Found Xiwnocun's Book Boutique.
 56861 | Elf:3    | Noticed a Brimstone Fiend
 56902 | Elf:2    | Acquired the +4 scale mail "Buter" {Rampage rF+ rC+ Int+4}
 56914 | Elf:2    | Acquired 816 gold pieces
 57404 | Elf:3    | HP: 3/180 [deep elf sorcerer/bolt of acid (19)]
 57404 | Elf:3    | Zin protects you from harm!
 58009 | Depths:4 | Noticed a golden dragon
 58031 | Depths:4 | Killed a golden dragon
 58035 | Depths:4 | Noticed Mennas
 58151 | Depths:4 | Noticed Frederick
 58169 | Depths:3 | Killed Frederick
 59339 | Depths:3 | Killed Mennas
 59768 | Depths:4 | Reached XP level 21. HP: 177/191 MP: 32/34
 59806 | Depths:4 | Found a huge runed gate.
 59806 | Depths:4 | Found a huge runed gate.
 59806 | Depths:4 | Found a huge runed gate.
 59806 | Depths:4 | Found a huge runed gate.
 59806 | Depths:4 | Found a huge runed gate.
 59809 | Depths:4 | Found a huge runed gate.
 59810 | Depths:4 | Found a huge runed gate.
 59812 | Depths:4 | Found a huge runed gate.
 59812 | Depths:4 | Found a huge runed gate.
 59813 | Depths:4 | Found a huge runed gate.
 59820 | Depths:4 | Found a huge runed gate.
 59821 | Depths:4 | Found a huge runed gate.
 60149 | Depths:4 | Found a one-way gate to the infinite horrors of the Abyss.
 60353 | Depths:4 | Found a gateway to a ziggurat.
 60401 | Depths:4 | Found a huge runed gate.
 60402 | Depths:4 | Found a huge runed gate.
 60403 | Depths:4 | Found a huge runed gate.
 60432 | Depths:4 | Found a huge runed gate.
 60432 | Depths:4 | Found a huge runed gate.
 60432 | Depths:4 | Found a huge runed gate.
 60439 | Depths:4 | Found a huge runed gate.
 60439 | Depths:4 | Found a huge runed gate.
 60441 | Depths:4 | Found a huge runed gate.
 60448 | Depths:4 | Found a huge runed gate.
 60448 | Depths:4 | Found a huge runed gate.
 60458 | Depths:4 | Found a huge runed gate.
 60468 | Depths:4 | Found a huge runed gate.
 60468 | Depths:4 | Found a huge runed gate.
 60468 | Depths:4 | Found a huge runed gate.
 60468 | Depths:4 | Found a huge runed gate.
 60468 | Depths:4 | Found a huge runed gate.
 60469 | Depths:4 | Found a huge runed gate.
 60547 | Depths:4 | Identified the +7 hand axe "Cenohic" {freeze, +Rage rPois
                  | Will+}
 60957 | Depths:5 | Entered Level 5 of the Depths
 61047 | Depths:5 | Found Gitti's Armour Emporium.
 61047 | Depths:5 | Found Nopho's Distillery.
 61051 | Depths:5 | Found Enum's Weapon Emporium.
 61057 | Depths:5 | Bought a potion of heal wounds for 120 gold pieces
 61057 | Depths:5 | Bought 2 potions of flight for 144 gold pieces
 61057 | Depths:5 | Bought a potion of flight for 72 gold pieces
 61057 | Depths:5 | Bought a potion of curing for 72 gold pieces
 61057 | Depths:5 | Bought a potion of flight for 72 gold pieces
 61057 | Depths:5 | Bought a potion of might for 96 gold pieces
 61166 | Depths:5 | Paralysed by a vampire knight for 5 turns
 61359 | Depths:5 | Noticed a juggernaut
 61380 | Depths:5 | Killed a juggernaut
 62001 | Depths:5 | Found a gate to the Realm of Zot.
 62001 | Depths:5 | Noticed a bone dragon
 62001 | Depths:5 | Noticed a golden dragon
 62023 | Depths:5 | Killed a bone dragon
 62033 | Depths:5 | Killed a golden dragon
 62874 | Hell     | Entered the Vestibule of Hell
 62874 | Hell     | Noticed Geryon
 64948 | Hell     | Killed Geryon
 64967 | Hell     | Reached XP level 22. HP: 90/205 MP: 20/35
 65309 | Hell     | Found a gateway to the freezing wastes of Cocytus.
 65613 | Hell     | Found a gateway to the decaying netherworld of Tartarus.
 65908 | Hell     | Found a gateway to the Iron City of Dis.
 65981 | Hell     | Found a gateway to the ashen valley of Gehenna.
 66351 | Dis:1    | Entered Level 1 of the Iron City of Dis
 70443 | Dis:3    | Reached XP level 23. HP: 91/213 MP: 30/37
 75252 | Dis:4    | Noticed a royal mummy
 75252 | Dis:4    | Noticed a royal mummy
 76298 | Dis:7    | Entered Level 7 of the Iron City of Dis
 77722 | Dis:7    | Reached XP level 24. HP: 214/221 MP: 37/38
 78853 | Dis:7    | Identified the +4 staff of Dispater
 78853 | Dis:7    | Noticed Dispater
 78877 | Dis:7    | Got an iron rune of Zot
 79355 | Snake:1  | Entered Level 1 of the Snake Pit
 80132 | Snake:1  | Found a runed translucent gate.
 80132 | Snake:1  | Found a runed translucent gate.
 80132 | Snake:1  | Found a runed translucent gate.
 80138 | Snake:1  | Noticed Lutziemm's ghost (adept GnFi)
 80138 | Snake:1  | Noticed Lutziemm's ghost (adept GnFi)
 80164 | Snake:1  | Killed Lutziemm's ghost
 80183 | Snake:1  | Killed Lutziemm's ghost
 81040 | Snake:2  | Acquired a manual of Fighting
 81320 | Snake:2  | Found Mogap's Antique Armour Shoppe.
 82424 | Snake:3  | Found Elit's Jewellery Emporium.
 82425 | Snake:3  | Found Peiskiarph's Jewellery Emporium.
 82425 | Snake:3  | Found Qocsevum's Gadget Boutique.
 82437 | Snake:3  | Bought a wand of acid (7) for 286 gold pieces
 82437 | Snake:3  | Bought a wand of acid (6) for 260 gold pieces
 82437 | Snake:3  | Bought a wand of iceblast (9) for 169 gold pieces
 82437 | Snake:3  | Bought a wand of iceblast (5) for 117 gold pieces
 82711 | Snake:4  | Entered Level 4 of the Snake Pit
 82712 | Snake:4  | Noticed Aizul
 82723 | Snake:4  | Killed Aizul
 82735 | Snake:4  | Noticed Nikola
 82759 | Snake:4  | Killed Nikola
 82968 | Snake:4  | Noticed Agnes
 82985 | Snake:4  | Killed Agnes
 83220 | Snake:4  | Reached XP level 25. HP: 218/231 MP: 36/39
 83656 | Snake:4  | Got a serpentine rune of Zot
 84207 | Snake:4  | Found Tetauciz's General Store.
 84210 | Snake:4  | Found Jushrocuo's Distillery.
 84211 | Snake:4  | Bought a scroll of magic mapping for 59 gold pieces
 84217 | Snake:4  | Bought a potion of heal wounds for 75 gold pieces
 84217 | Snake:4  | Bought a potion of curing for 45 gold pieces
 84217 | Snake:4  | Bought a potion of curing for 45 gold pieces
 84217 | Snake:4  | Bought a potion of curing for 45 gold pieces
 84217 | Snake:4  | Bought a potion of berserk rage for 75 gold pieces
 84217 | Snake:4  | Bought a potion of heal wounds for 75 gold pieces
 84217 | Snake:4  | Bought a potion of heal wounds for 75 gold pieces
 84217 | Snake:4  | Bought a potion of might for 60 gold pieces
 84217 | Snake:4  | Bought 2 potions of might for 120 gold pieces
 84533 | Swamp:1  | Entered Level 1 of the Swamp
 85137 | Swamp:1  | Found a runed translucent door.
 85137 | Swamp:1  | Found a shimmering altar of Xom.
 85137 | Swamp:1  | Noticed SturgillTurtle's ghost (journeyman HOFi)
 85260 | Swamp:1  | Killed SturgillTurtle's ghost
 85538 | Swamp:2  | Got a slimy diamond amulet
 85539 | Swamp:2  | Identified the amulet of Enwaynky {Inacc rPois} (You found
                  | it on level 2 of the Swamp)
 86321 | Swamp:3  | Noticed Mara
 86341 | Swamp:3  | Noticed Bai Suzhen
 86347 | Swamp:3  | Noticed gimp's illusion
 86692 | Swamp:3  | Killed Bai Suzhen
 86913 | Swamp:3  | Found a runed translucent door.
 86940 | Swamp:3  | Noticed gimp's illusion
 86962 | Swamp:3  | Killed Mara
 87070 | Swamp:3  | Identified the +2 spear "Gram" {drain, rF+ Dex+6}
 87070 | Swamp:3  | Noticed iamoutofideas's ghost (adept DsIE)
 87089 | Swamp:3  | Killed iamoutofideas's ghost
 87320 | Swamp:4  | Entered Level 4 of the Swamp
 88046 | Swamp:4  | Got a decaying rune of Zot
 88935 | Zot:1    | Entered Level 1 of the Realm of Zot
 89753 | Zot:1    | Reached XP level 26. HP: 243/251 MP: 39/39
 90942 | Zot:2    | HP: 12/256 [tentacled monstrosity (9)]
 90942 | Zot:2    | Zin protects you from harm!
 90942 | Zot:2    | Slain by a quicksilver dragon

Illustrated notes

Levels and vault maps discovered:
D:1:      elethiomel_arrival_quiet, layout_loops_ring, minmay_unequal
D:2:      layout_loops_ring, nicolae_ru_the_path_less_chosen
D:3:      layout_rooms
D:4:      layout_rooms, uniq_pikel
D:5:      layout_loops_ring, minmay_splitting_lines
D:6:      minmay_chambers_of_fours, layout_loops_corners,
          minmay_temple_entry_gardened_gates, chequers_serial_rivers_micro_e
D:7:      layout_cave_pools, serial_shops, kennysheep_mini, serial_gnoll_camp,
          gnoll_camp_mini_hut, grums_kennel, gnoll_camp_mini_loothouse,
          gnoll_camp_mini_sergeant, roderic_roman_lattice
D:8:      layout_gridville, general_overflow_altar
D:9:      layout_roguey, due_lair_maze_entry_diamond
D:10:     layout_basic
D:11:     layout_cave_pools, serial_park, serial_park_tiny_pond,
          serial_park_square3 [serial_park_minivault_5x5_6],
          serial_park_tiny_pond, serial_park_tiny_pond
D:12:     layout_cave_pools, orc_0_dummy, uniq_maurice, uniq_azrael, uniq_psyche
D:13:     layout_long_grid, erik_vaults_1, lemuel_freeze_loot_1, uniq_nessos
D:14:     layout_small_grid, serial_shops, shop,
          portal_ice_cave_entry_ice_beasts, lemuel_statue_altar, basic_altar
D:15:     gammafunk_enter_depths_forms, layout_basic, grunt_decor_resistance,
          uniq_roxanne
Temple:   minmay_crystal_snake_temple
Lair:1:   layout_regular_city, minmay_lair_oklob_items,
          infiniplex_staircase_pool_2, lemuel_fruit_tree
Lair:2:   layout_cave_pods, dummy_snake_entry, basic_altar,
          ebering_ghost_rock_garden
Lair:3:   mu_elephants_graveyard, layout_regular_city
Lair:4:   layout_layer_cave, swamp_mist_pool, minivault_24,
          chequers_serial_rivers_large_a, serial_bayou_crossing
Lair:5:   layout_cave_pods, minmay_lair_oklob_chamber
Lair:6:   due_jungle_book, layout_big_grid, minmay_slime_entry_pillars,
          serial_bayou_shore_b
Swamp:1:  layout_basic_swamp, ebering_ghost_xom, nicolae_swamp_fairy_circle
Swamp:2:  nzn_winding_woodlands_medium [nzn_winding_woodlands_5x5_perimeter,
          nzn_winding_woodlands_5x15_default, nzn_winding_woodlands_5x5_default,
          nzn_winding_woodlands_5x5_checkerboard,
          nzn_winding_woodlands_center_diamonds,
          nzn_winding_woodlands_hourglass, nzn_winding_woodlands_5x5_cross,
          nzn_winding_woodlands_5x15_parted,
          nzn_winding_woodlands_5x5_closed_star], layout_basic_swamp,
          hangedman_swamp_ruin_wall
Swamp:3:  layout_basic_swamp, ebering_ghost_funeral_grove,
          nicolae_swamp_very_dense_foliage, uniq_mara, uniq_bai_suzhen
Swamp:4:  swamp, layout_basic_swamp
Snake:1:  nicolae_snake_hallway, layout_chambers, gammafunk_ghost_cemetery
Snake:2:  layout_basic, serial_shops, shop
Snake:3:  layout_onion, minmay_shop_grove
Snake:4:  grunt_snake_rune_pools, layout_onion_interference,
          nicolae_snake_linked_coils, minmay_shoptagon, uniq_aizul, uniq_nikola,
          uniq_agnes
Orc:1:    layout_diamond_mine
Orc:2:    grunt_orc_community_town_hall, layout_caves,
          grunt_orc_community_big_house_1, grunt_orc_community_big_house_1,
          grunt_orc_community_house_3, grunt_orc_community_house_1,
          grunt_orc_community_house_2, grunt_orc_community_house_2, uniq_donald
Elf:1:    eino_elf_arrival_the_gate, layout_geoelf_diagonals, serial_shops,
          shop, orc_legates
Elf:2:    layout_loops_cross, serial_shops, nicolae_shop_stone, basic_altar,
          uniq_asterion
Elf:3:    minmay_elf_hall_x, layout_rooms, serial_shops, shop,
          grunt_megastairs_5
Depths:1: kennysheep_blocky_hall, layout_basic, serial_shops, shop, shop,
          ebering_dispersal_statue_hall, hell_entry, kennysheep_generic_room_9
Depths:2: minmay_big_diamond_grid, layout_gridlike,
          pf_vacation_house_of_asmodeus, gammafunk_ghost_arena, pan_entry,
          uniq_enchantress
Depths:3: evilmike_makhleb_hellhole, layout_honeycomb, hell_entry,
          minmay_misc_feat_secret_circle, rand_demon_pan_entry_4, minmay_holes,
          uniq_jory
Depths:4: minmay_inside_and_out, layout_honeycomb, enter_ziggurat_f, pan_entry,
          hell_entry, abyss_entry_glasseish, door_vault, uniq_mennas,
          uniq_frederick
Depths:5: grunt_zot_entry_tricorne, layout_honeycomb, hell_entry,
          serial_bayou_shore_a, minmay_shop_star
Hell
Dis:1:    layout_gridville
Dis:2:    layout_chaotic_city, grunt_dis_stairs_iron_hall
Dis:3:    layout_jigsaw, hangedman_player_shredder
Dis:4:    lemuel_mystery_crypt, layout_subdivisions
Dis:5:    layout_regular_city
Dis:6:    layout_gridville, lemuel_elevator
Dis:7:    iron_city_of_dis [dis_old, dis_wall_3], layout_chaotic_city
Zot:1:    layout_misc_corridors
Zot:2:    layout_misc_corridors, hangedman_zot_decor_scrapings, zot_minivault_1,
          lemuel_elevator

Skill      XL: |  1  2  3  4  5  6  7  8  9 10 11 12 13 14 15 16 17 18 19 20 21 22 23 24 25 26 |
---------------+-------------------------------------------------------------------------------+-----
Fighting       | 4 5 7 10 13 15 17 19 23 24 | 24.7
Axes           | 5 6 7 8 9 11 12 13 15 16 17 19 20 | 20.0
Armour         | 1 2 3 4 6 7 9 10 12 13 14 15 17 18 19 | 19.0
Shields        | 1 2 4 6 8 9 11 12 13 14 15 16 18 19 21 22 24 25 | 25.0
Invocations    | 1 3 5 7 9 10 11 13 14 16 17 19 21 23 25 | 25.0
Dodging        | 4 6 7 |  7.0
Stealth        | |  1.5

Action                   |  1- 3 |  4- 6 |  7- 9 | 10-12 | 13-15 | 16-18 | 19-21 | 22-24 | 25-27 || total
-------------------------+-------+-------+-------+-------+-------+-------+-------+-------+-------++-------
Melee: Hand axe          |   131 |   160 |       |       |       |       |       |       |       ||   291
       War axe           |       |       |   489 |   458 |       |       |       |       |       ||   947
       Broad axe         |       |       |       |   321 |  1336 |  1298 |  1538 |  2499 |   886 ||  7878
Throw: Dart              |       |     3 |     3 |    19 |     6 |     1 |     6 |       |       ||    38
       Javelin           |       |       |       |     1 |     1 |     2 |       |       |       ||     4
Invok: Vitalisation      |       |       |     1 |     7 |     7 |    12 |    14 |    15 |    10 ||    66
       Recite            |       |       |     1 |     9 |    13 |    63 |    35 |    62 |    11 ||   194
       Sanctuary         |       |       |       |       |       |       |     3 |     3 |     1 ||     7
Evoke: Wand              |       |     1 |     3 |    15 |    41 |    16 |     7 |     7 |       ||    90
       Phial of floods   |       |       |       |     1 |     1 |     1 |       |       |       ||     3
       Tin of tremorston |       |       |       |       |     3 |     3 |     4 |       |       ||    10
  Use: Potion            |     1 |       |     7 |       |       |    11 |     8 |     3 |     2 ||    32
       Scroll            |       |    13 |     7 |     6 |     8 |     8 |     6 |     8 |    10 ||    66
 Stab: Sleeping          |     4 |       |       |       |       |       |       |       |       ||     4
       Invisible         |       |       |     7 |     3 |       |     8 |       |       |       ||    18
       Confused          |       |       |       |     2 |     7 |    41 |    28 |    38 |    31 ||   147
       Paralysed         |       |       |       |     1 |    20 |    25 |     8 |     6 |     3 ||    63
       Distracted        |       |       |       |       |       |       |     1 |     1 |       ||     2
Armor: Robe              |    13 |       |       |       |       |       |       |       |       ||    13
       Leather armour    |    20 |       |       |       |       |       |       |       |       ||    20
       Ring mail         |     1 |       |       |       |       |       |       |       |       ||     1
       Chain mail        |       |   101 |   266 |   309 |   146 |   210 |       |       |       ||  1032
       Scale mail        |       |       |       |       |   216 |     5 |   191 |   362 |   208 ||   982
       Plate armour      |       |       |       |       |       |    14 |       |       |       ||    14
       Acid dragon scale |       |       |       |       |       |    88 |   135 |       |       ||   223
Dodge: Dodged            |   109 |    30 |   154 |   213 |   388 |   316 |   374 |   425 |   244 ||  2253
Block: Kite shield       |       |    70 |   314 |   448 |   809 |   554 |       |       |       ||  2195
       Tower shield      |       |       |       |       |       |    79 |  1361 |  2182 |  1041 ||  4663
